 Dungeon Crawl Stone Soup version 0.21.1-1-g345015f (webtiles) character file.

39 Figureslego113 the Sneak (level 3, 0/27 HPs)
             Began as a Vampire Assassin on June 7, 2018.
             Succumbed to an adder's poison
             ... on level 2 of the Dungeon.
             The game lasted 00:06:47 (1025 turns).

Figureslego113 the Sneak (Vampire Assassin)         Turns: 1025, Time: 00:06:48

Health: 0/27       AC:  3    Str: 10    XL:     3   Next: 28%
Magic:  3/3        EV: 12    Int: 13    God:
Gold:   39         SH:  0    Dex: 16    Spells: 2/2 levels left

rFire    . . .     SeeInvis +   a - +2 dagger
rCold    . . .     Gourm    .   (no shield)
rNeg     + . .     Faith    .   c - +0 robe
rPois    .         Spirit   .   (no helmet)
rElec    .         Reflect  .   d - +0 cloak
rCorr    .         Harm     .   (no gloves)
MR       .....                  (no boots)
Stlth    ++++......             (no amulet)
HPRegen  0.09/turn              (no ring)
MPRegen  0.08/turn              (no ring)

@: lethally poisoned (0 -> -2)
A: fangs 3, see invisible, unbreathing
a: Bat Form


You were on level 2 of the Dungeon.
You were not thirsty.

You visited 1 branch of the dungeon, and saw 2 of its levels.

You collected 39 gold pieces.

Inventory:

Hand Weapons
 a - a +2 dagger (weapon)
 b - a +0 blowgun
Missiles
 e - 8 poisoned needles
 f - 2 curare-tipped needles
Armour
 c - a +0 robe (worn)
 d - a +0 cloak (worn)
 k - a +0 pair of gloves
Jewellery
 l - an uncursed ring of fire {unknown}
Scrolls
 i - a scroll of amnesia {unknown}
 j - a scroll of immolation {unknown}
 m - a scroll of remove curse {unknown}
 n - a scroll of blinking {unknown}
Potions
 g - 11 potions of blood
 h - a potion of curing {unknown}
 o - a potion of flight {unknown}


   Skills:
 - Level 1.7 Fighting
 + Level 2.7 Short Blades
 - Level 1.5 Throwing
 * Level 1.9 Dodging
 + Level 7.0 Stealth


You had 2 spell levels left.
You didn't know any spells.

Dungeon Overview and Level Annotations

Branches:
Dungeon (2/15)

Altars:
Fedhas
Wu Jian


Innate Abilities, Weirdness & Mutations

You have razor-sharp teeth.
You have supernaturally acute eyesight. (SInv)
You can survive without breathing.


Message History

The adder is almost dead.
The goblin barely misses you. The adder barely misses you.
You miss the adder.
The adder is almost dead.
You feel sick. The adder bites you but does no damage.
The goblin hits you with a club.
* * * LOW HITPOINT WARNING * * *
You closely miss the adder.
The adder is almost dead.
The adder misses you. The goblin closely misses you.
You hit the adder but do no damage. Your bite misses the adder.
The adder is almost dead.
The adder barely misses you. The adder bites you but does no damage.
The goblin hits you but does no damage.
A worm comes into view.
You closely miss the adder.
The adder is almost dead.
The adder misses you.
Yummy - fresh blood!
You die...

#.# #.# # #.# #[# ###
# #.# #.# #.. # #.#
#.# #.# # #.# #.# #.#
# #.# ###.### #.# #
#.###.....# #.# #
#..##.###.## #S# #
##...#.# #..####@# #
#......###<.....#g...#
##...............#..##
##.#######.####.#.w#
....# #.# .# .# .#..#
#.# .# .. #..# #.# .#
## #..# #.# .# #..# #.
.#


You could see a worm, an adder and a goblin.

Vanquished Creatures
  An ooze (D:2)
  2 dart slugs (D:1)
  2 leopard geckos
  A giant cockroach (D:1)
  3 goblins (D:1)
  4 hobgoblins
  2 kobolds (D:1)
  9 bats
  5 rats (D:1)
29 creatures vanquished.

Notes
Turn   | Place    | Note
-------+----------+-------------------------------------------
     0 | D:1      | Figureslego113 the Vampire Assassin began the quest for the Orb.
     0 | D:1      | Reached XP level 1. HP: 16/16 MP: 1/1
    32 | D:1      | Reached skill level 6 in Stealth
   113 | D:1      | Reached XP level 2. HP: 22/22 MP: 2/2
   826 | D:1      | Reached XP level 3. HP: 26/27 MP: 3/3
   902 | D:2      | Found an ornate altar of the Wu Jian Council.
   904 | D:2      | Found a blossoming altar of Fedhas.
  1001 | D:2      | Reached skill level 7 in Stealth
  1021 | D:2      | HP: 1/27 [goblin/club (6)]
  1025 | D:2      | Succumbed to an adder's poison

Skill      XL: |  1  2  3 |
---------------+----------+-----
Stealth        | 6 7 |  7.0
Fighting       | |  1.7
Short Blades   | |  2.7
Throwing       | |  1.5
Dodging        | |  1.9

Action                   || total
-------------------------++-------
Melee: Dagger            ||    90
       Bite              ||    11
  Use: Potion            ||     3
 Stab: Sleeping          ||     9
Armor: Robe              ||    21
Dodge: Dodged            ||    50
